 Dungeon Sprint DCSS version 0.30-a0-782-ge64f9170bb (webtiles) character file.

Game seed: 1695365723543382728

14 theswoord the Insei (level 2, -1/16 HPs)
             Began as a Tengu Transmuter on Mar 15, 2023.
             Slain by an iguana (9 damage)
             ... in the Dungeon (Sprint IX: "|||||||||||||||||||||||||||||").
             The game lasted 00:00:19 (25 turns).

theswoord the Insei (Tengu Transmuter)                Turns: 25, Time: 00:00:19

Health: -1/16      AC:  2    Str: 10    XL:     2   Next: 41%
Magic:  6/6        EV: 12    Int: 13    God:
Gold:   0          SH:  0    Dex: 14    Spells: 4/5 levels left

rFire   . . .      SeeInvis .      - Unarmed
rCold   . . .      Faith    .    (no shield)
rNeg    . . .      Spirit   .    a - +0 robe
rPois   .          Reflect  .    (helmet restricted)
rElec   .          Harm     .    (no cloak)
rCorr   .          Rampage  .    (no gloves)
Will    .....      NoTele   +    (boots unavailable)
Stlth   +                        (no amulet)
HPRegen 0.22/turn                (no ring)
MPRegen 0.10/turn                (no ring)

@: hasted, very quick
A: beak, talons 3
a: no special abilities


You were in the Dungeon.
You visited 1 branch

Inventory:

Armour
 a - a +0 robe (worn)
Scrolls
 h - a scroll of blinking
Potions
 b - a potion of lignification
 c - a potion of curing
 d - a potion of heal wounds
 f - 2 potions of magic
 g - a potion of berserk rage


   Skills:
 - Level 1.0 Fighting
 - Level 2.1 Dodging
 + Level 6.2 Unarmed Combat
 - Level 2.0 Spellcasting
 - Level 1.5 Transmutations


You had 4 spell levels left.
You knew the following spells:

 Your Spells              Type           Power      Damage    Failure   Level
a - Beastly Appendage     Tmut           10%        N/A       14%         1

Your spell library contained the following spells:

 Spells                   Type           Power      Damage    Failure   Level
 Wereblood                Tmut           5%         N/A       21%         2
 Spider Form              Tmut/Pois      3%         N/A       50%         3
 Ice Form                 Ice/Tmut       3%         N/A       88%         4


Dungeon Overview and Level Annotations

Branches:
Dungeon (1/1)

Altars:


Innate Abilities, Weirdness & Mutations

You have a beak for a mouth.
You have claws for feet.


Message History

The goblin shouts!
The bat barely misses you. The bat hits you but does no damage.
Your Unarmed Combat skill increases to level 4!
You hit the bat. The bat hits you.
You hit the bat but do no damage. You claw the bat.
You kill the bat!
You hit the goblin.
You kill the goblin!
The gnoll closely misses you.
Things that are here:
a +0 dagger; a rat corpse You hit the gnoll.
The gnoll closely misses you.
You closely miss the gnoll. Your kick misses the gnoll. You peck the gnoll.
The gnoll closely misses you.
You barely miss the gnoll. You peck the gnoll, but do no damage.
The gnoll barely misses you.
You closely miss the gnoll. The gnoll closely misses you.
You punch the gnoll! You claw the gnoll.
You kill the gnoll!
Your Unarmed Combat skill gained 2 levels and is now at level 6!
You have reached level 2!
Things that are here:
a +0 flail; a gnoll corpse You open the door.
A hound, an ogre, a centaur and 2 iguanas come into view.
The hound barks!
The iguana hisses angrily.
The ogre shouts!
The centaur shouts!
The iguana hisses angrily.
There are monsters nearby!
You hit the iguana. You claw the iguana, but do no damage. You peck the iguana.
The iguana barely misses you.
You feel yourself speed up. The iguana bites you!
Ouch! That really hurt!
* * * LOW HITPOINT WARNING * * *
You hit the iguana but do no damage. You closely miss the iguana.
You claw the iguana. You punch the iguana. The iguana misses you.
You hit the iguana but do no damage. You claw the iguana, but do no damage.
The iguana bites you!
Ouch! That really hurt!
You die...

▓+▓
▓.▓
▓h▓
▓l▓
▓O▓
▓c▓
▓l▓
▓@▓
▓.▓
▓.▓
▓)▓
▓)▓
▓'▓
▓.▓
▓.▓
▓.▓


You could see an ogre, a centaur, 2 iguanas and a hound.

Vanquished Creatures
  A gnoll (D)
  A bat (D)
  A goblin (D)
  2 rats (D)
5 creatures vanquished.

Notes
Turn   | Place    | Note
-------+----------+-------------------------------------------
     0 | D        | theswoord the Tengu Transmuter began the quest for the Orb.
     0 | D        | Reached XP level 1. HP: 12/12 MP: 4/4
     7 | D        | Reached skill level 4 in Unarmed Combat
    16 | D        | Reached skill level 6 in Unarmed Combat
    16 | D        | Reached XP level 2. HP: 16/16 MP: 6/6
    20 | D        | Noticed an ogre
    20 | D        | Noticed a centaur
    25 | D        | Slain by an iguana

Skill      XL: |  1 |
---------------+----+-----
Unarmed Combat | 6 |  6.2
Fighting       | |  1.0
Dodging        | |  2.1
Spellcasting   | |  2.0
Transmutations | |  1.5

Action                     || total
---------------------------++-------
  Melee: Unarmed           ||    14
         Kick              ||     5
         Peck              ||     3
         Punch             ||     1
    Use: Potion            ||     1
 Armour: Robe              ||     1
  Dodge: Dodged            ||     8

Levels and vault maps discovered:
D:        linesprint [early_d, line_temple, items_1, d_10, items_2, lair_1,
          lair_end, items_3, orc_1, orc_end, items_4, d_15, swamp_1, shoals_1,
          snake_1, spider_1, d_20, vaults_1, items_5, swamp_end, shoals_end,
          snake_end, spider_end, vaults_end, d_27, items_6, zot_1, zot_end,
          crypt_end, forest_end, elf_end, slime_end, tomb_end, abyss_end,
          pan_hell_end]
